 Dungeon Crawl Stone Soup version 0.26-a0-274-g7ed2249 (webtiles) character file.

Game seed: 3554082023134934667

1036 Firecrotchwizard the Covert (level 8, -10/55 HPs)
             Began as an Octopode Brigand on July 11, 2020.
             Killed by divine providence
             ... invoked by an orc priest
              (11 damage)
             ... on level 5 of the Dungeon.
             The game lasted 00:13:32 (6320 turns).

Firecrotchwizard the Covert (Octopode Brigand)      Turns: 6320, Time: 00:13:32

Health: -10/55     AC:  1    Str: 10    XL:     8   Next: 24%
Magic:  8/8        EV: 13    Int: 15    God:
Gold:   241        SH:  0    Dex: 16    Spells: 7/7 levels left

rFire    . . .     SeeInvis .   w - +8 whip of Duty {flame, Dex+2}
rCold    . . .     Faith    .   (no shield)
rNeg     . . .     Spirit   .   (helmet restricted)
rPois    .         Reflect  .   (no amulet)
rElec    .         Harm     .   d - ring of resist corrosion
rCorr    +                      q - ring of wizardry {Wiz+, !d}
MR       .....                  (no ring)
Stlth    +++++.....             (no ring)
HPRegen  0.18/turn              (no ring)
MPRegen  0.11/turn              (no ring)
                                (no ring)
                                (no ring)

@: mighty
A: almost no armour, stealthy swim, amphibious, 8 rings, constrict 8, camouflage
1, gelatinous body 1
a: no special abilities


You were on level 5 of the Dungeon.
You visited 1 branch of the dungeon, and saw 5 of its levels.

You collected 241 gold pieces.

Inventory:

Hand Weapons
 a - a +3 dagger
 o - a +0 long sword
   (You found it on level 4 of the Dungeon)
 w - the +8 whip of Duty (weapon) {flame, Dex+2}
   (You found it on level 5 of the Dungeon)

   It has been specially enchanted to burn those struck by it, causing extra
   injury to most foes and up to half again as much damage against particularly
   susceptible opponents.
   It affects your dexterity (+2).
Missiles
 b - 37 poisoned darts
 s - 8 boomerangs
Jewellery
 d - a ring of resist corrosion (left tentacle)
   (You found it on level 1 of the Dungeon)
 q - a ring of wizardry (right tentacle) {Wiz+, !d}
   (You took it off a goblin on level 3 of the Dungeon)
Wands
 c - a wand of disintegration (15)
   (You took it off Ijyb on level 3 of the Dungeon)
 t - a wand of digging (4)
   (You found it on level 5 of the Dungeon)
Scrolls
 g - 2 scrolls of immolation {!r}
 h - 2 scrolls of remove curse
 i - 5 scrolls of identify
 n - a scroll of teleportation
 p - 2 scrolls of enchant armour
 u - a scroll of enchant weapon
Potions
 f - a potion of haste {unknown}
 j - a potion of cancellation {unknown}
 k - a potion of stabbing {unknown}
 l - 2 potions of curing
 m - 2 potions of heal wounds {unknown}
 r - a potion of ambrosia {unknown}
 v - 2 potions of mutation {unknown}


   Skills:
 + Level 5.0 Fighting
 * Level 6.9 Short Blades
 - Level 2.0 Throwing
 - Level 1.0 Dodging
 + Level 8.5 Stealth


You had 7 spell levels left.
You didn't know any spells.
Your spell library contained the following spells:

 Spells                   Type           Power        Failure   Level
 Summon Small Mammal      Summ           #...         11%         1
 Call Imp                 Summ           #.......     16%         2
 Call Canine Familiar     Summ           #.......     32%         3
 Summon Guardian Golem    Hex/Summ       #.......     32%         3
 Summon Ice Beast         Ice/Summ       #.......     69%         4
 Summon Lightning Spire   Summ/Air       #.......     69%         4


Dungeon Overview and Level Annotations

Branches:
Dungeon (5/15)
 Temple: D:4-7

Altars:
Gozag
Hepliaklqana
Makhleb

Annotations:
D:3 exclusion: worm, Jessica
D:5 exclusion: hound, Edmund, Sigmund


Innate Abilities, Weirdness & Mutations

You cannot wear most types of armour.
You are very stealthy in the water. (Stealth+)
You are amphibious.
You can wear up to eight rings at the same time.
You can use your tentacles to constrict eight enemies at once.
Your skin changes colour to match your surroundings (Stealth+).
Your rubbery body absorbs attacks. (AC +1, EV +1)


Message History

You constrict the howler monkey skeleton.
You hit the howler monkey skeleton.
You destroy the howler monkey skeleton!
You start resting.
Health restored: 54
There is an escape hatch in the ceiling here.
t - a wand of digging (4)
Found an escape hatch in the floor.
There is an escape hatch in the floor here.
An adder zombie comes into view.
The helpless adder zombie fails to defend itself.
You spit the adder zombie like a pig!!!
You destroy the adder zombie!
No target in view!
Found a burning altar of Makhleb.
No target in view!
An orc comes into view. It is wielding a +0 flail.
You see here 2 red potions.
v - 2 red potions An orc comes into view.
It is wielding a +0 falchion.
An orc priest comes into view. It is wielding a +0 short sword.
There is a burning altar of Makhleb here.
Things that are here:
a shimmering whip; a robe
w - a shimmering whip You feel agile.
The +8 whip of Duty {flame, Dex+2} bursts into flame!
w - the +8 whip of Duty (weapon)
{flame, Dex+2} An orc is nearby!
The orc closely misses you.
You hit the orc. You burn the orc. Your grab misses the orc.
You squeeze the orc.
You kill the orc!
An orc, an orc warrior and 3 orc priests come into view.
Things that are here:
a +0 flail; a cursed +0 leather armour; an orc corpse The helpless orc fails to defend itself.
You whack the orc! You burn the orc.
You kill the orc!
The orc priest shouts! x2; The orc shouts!
You see here a +0 short sword.
The orc warrior shouts!
You hit the orc priest. You burn the orc priest.
Your grab misses the orc priest.
You squeeze the orc priest, but do no damage.
The orc priest hits you with a +0 short sword.
The orc priest invokes the aid of Beogh against you.
Pain shoots through your body!
You take 10 damage, and have 44/54 hp.
You barely miss the orc priest. You grab the orc priest.
You constrict the orc priest.
The orc priest mumbles some strange prayers to Beogh against you.
Beogh smites you!
The orc priest hits you with a +0 short sword.
You take 13 damage, and have 31/54 hp.
MASSIVE DAMAGE!!
You feel very mighty all of a sudden.
You constrict the orc priest.
The orc priest hits you with a +0 short sword!
You take 7 damage, and have 24/54 hp.
You hit the orc priest. You burn the orc priest.
You constrict the orc priest, but do no damage.
The orc priest struggles to escape constriction.
The orc barely misses you.
You hit the orc priest. You burn the orc priest.
You kill the orc priest!
The orc priest looks encouraged for a moment.
The orc warrior closely misses you. The orc closely misses you.
You whack the orc warrior! You burn the orc warrior. You grab the orc warrior.
You constrict the orc warrior. The orc priest barely misses you.
The orc priest invokes the aid of Beogh against you.
You struggle to resist.
The orc warrior struggles to escape constriction.
The orc hits you with a +0 falchion!
You take 8 damage, and have 17/54 hp.
You whack the orc warrior! You burn the orc warrior.
You constrict the orc warrior, but do no damage.
The orc priest hits you with a +0 short sword.
* * * LOW HITPOINT WARNING * * *
The orc warrior misses you. The orc hits you with a +0 falchion.
* * * LOW HITPOINT WARNING * * *
You take 6 damage, and have 11/54 hp.
You whack the orc warrior! You burn the orc warrior.
You kill the orc warrior!
Your Fighting skill increases to level 5!
The orc priest hits you with a +0 short sword.
* * * LOW HITPOINT WARNING * * *
The orc priest completely misses you.
The orc priest hits you with a +0 short sword.
* * * LOW HITPOINT WARNING * * *
The orc closely misses you.
You take 10 damage, and have 1/55 hp.
The orc priest barely misses you. The orc hits you but does no damage.
Things that are here:
a +0 war axe; a +0 plate armour; an orc corpse You whack the orc priest!
You burn the orc priest. You grab the orc priest. You constrict the orc priest.
The orc priest misses you.
The orc priest mumbles some strange prayers to Beogh against you.
Beogh smites you!
You die...

#........# #.##
#...##..
########## #..##
#...##.. #...#
#...##.. #...#
######.. #._.#
#.. #...# ###
#########)..##
#....oo......#
#...)o@......#
#....o.......#
#............#
#............#
..............#
##.............#
#.............#
#.......##.####


You could see 3 orc priests and an orc.

Vanquished Creatures
  An orc warrior (D:5)
  A sky beast (D:5)
  2 ogres
  4 hounds
  2 orc priests
  A centaur skeleton (D:5)
  Ijyb (D:3)
  2 orc wizards
  4 worker ants
  7 gnolls
  A howler monkey skeleton (D:5)
  7 adders
  A white imp (D:5)
  2 oozes
  An adder skeleton (D:4)
  An adder zombie (D:5)
  A worm (D:2)
  2 dart slugs (D:1)
  3 leopard geckos (D:1)
  27 orcs
  9 bats
  8 giant cockroaches
  10 goblins
  14 hobgoblins
  6 quokkas
  6 frilled lizards
  7 kobolds
  7 rats
138 creatures vanquished.

Notes
Turn   | Place    | Note
-------+----------+-------------------------------------------
     0 | D:1      | Firecrotchwizard the Octopode Brigand began the quest for
                  | the Orb.
     0 | D:1      | Reached XP level 1. HP: 14/14 MP: 1/1
   177 | D:1      | Reached XP level 2. HP: 19/19 MP: 2/2
   436 | D:1      | Reached XP level 3. HP: 25/25 MP: 3/3
   558 | D:1      | Reached skill level 3 in Short Blades
  1005 | D:2      | Reached skill level 6 in Stealth
  1005 | D:2      | Reached XP level 4. HP: 30/30 MP: 4/4
  1205 | D:2      | Found a hazy altar of Hepliaklqana.
  1435 | D:2      | Reached skill level 3 in Fighting
  1435 | D:2      | Reached XP level 5. HP: 27/36 MP: 5/5
  1761 | D:3      | Reached skill level 4 in Short Blades
  2288 | D:3      | Noticed Jessica
  2356 | D:3      | Noticed Ijyb
  2364 | D:3      | Killed Ijyb
  2589 | D:3      | Reached XP level 6. HP: 42/42 MP: 6/6
  2989 | D:3      | Found an opulent altar of Gozag.
  3494 | D:4      | Reached skill level 7 in Stealth
  3610 | D:4      | Reached skill level 5 in Short Blades
  3715 | D:4      | Noticed a phantom
  4079 | D:4      | HP: 10/43 [poisoned by a worker ant]
  4085 | D:4      | HP: 9/43 [poisoned by a worker ant]
  4093 | D:4      | HP: 8/43 [poisoned by a worker ant]
  4400 | D:4      | Reached XP level 7. HP: 33/47 MP: 7/7
  4401 | D:4      | Reached skill level 4 in Fighting
  5096 | D:5      | Entered Level 5 of the Dungeon
  5096 | D:5      | Noticed Edmund
  5414 | D:5      | HP: 10/48 [sky beast (5)]
  5415 | D:5      | Reached skill level 6 in Short Blades
  5793 | D:5      | Reached skill level 8 in Stealth
  5954 | D:5      | Noticed Sigmund
  6109 | D:5      | Reached XP level 8. HP: 54/54 MP: 8/8
  6284 | D:5      | Found a burning altar of Makhleb.
  6293 | D:5      | Got a shimmering whip
  6298 | D:5      | Identified the +8 whip of Duty {flame, Dex+2} (You found it
                  | on level 5 of the Dungeon)
  6317 | D:5      | HP: 12/54 [orc priest/+0 short sword (5)]
  6318 | D:5      | Reached skill level 5 in Fighting
  6318 | D:5      | HP: 1/55 [orc priest/+0 short sword (6)]
  6320 | D:5      | Killed from afar by an orc priest

Illustrated notes

Levels and vault maps discovered:
D:1:      dpeg_arrival_boxorama, layout_rooms
D:2:      layout_loops_ring, overflow_temple_1_default, serial_forest,
          infiniplex_forest_end_1, infiniplex_forest_clump_tiny,
          infiniplex_forest_straight_2, infiniplex_forest_clump_cross,
          infiniplex_forest_clump_diagonal, infiniplex_forest_clump_tiny,
          infiniplex_forest_lined_2
D:3:      layout_loops_corners, lemuel_doored_altar, minmay_fractal_squares_5,
          uniq_jessica, uniq_ijyb
D:4:      layout_gridville
D:5:      layout_basic, bloody_makhleb, uniq_duvessa, uniq_sigmund, uniq_edmund

Skill      XL: |  1  2  3  4  5  6  7  8 |
---------------+-------------------------+-----
Short Blades   | 3 4 5 6 |  6.9
Stealth        | 6 7 8 |  8.5
Fighting       | 3 4 5 |  5.0
Throwing       | |  2.0
Dodging        | |  1.0

Action                   |  1- 3 |  4- 6 |  7- 9 || total
-------------------------+-------+-------+-------++-------
Melee: Dagger            |    73 |   170 |    74 ||   317
       Tentacles         |     9 |    29 |    17 ||    55
       Constrict         |    14 |    36 |    11 ||    61
       Whip              |       |       |    10 ||    10
Throw: Dart              |       |    25 |     6 ||    31
  Use: Potion            |       |     1 |     1 ||     2
       Scroll            |       |     8 |     1 ||     9
 Stab: Sleeping          |    15 |    23 |     8 ||    46
       Distracted        |       |     3 |       ||     3
Armor: Skin              |     2 |     4 |     2 ||     8
Dodge: Dodged            |    33 |    47 |    40 ||   120

Table legend:
 A = Non-vault XP
 B = Vault XP
 C = Vault XP percentage of total XP
 D = Non-vault monster count
 E = Vault monster count
 F = Vault count percentage of total count
                 A         B        C        D         E       F
            +---------+---------+-------+---------+---------+-------
      Total |    1407 |      73 |   4.9 |     129 |       9 |   6.5
            +---------+---------+-------+---------+---------+-------
        D:1 |      56 |       0 |   0.0 |      30 |       0 |   0.0
        D:2 |     135 |       0 |   0.0 |      31 |       0 |   0.0
        D:3 |     172 |      73 |  29.8 |      33 |       9 |  21.4
        D:4 |     386 |       0 |   0.0 |      19 |       0 |   0.0
        D:5 |     658 |       0 |   0.0 |      16 |       0 |   0.0
            +---------+---------+-------+---------+---------+-------

Levels and vault maps discovered:
D:1:      dpeg_arrival_boxorama, layout_rooms
D:2:      layout_loops_ring, overflow_temple_1_default, serial_forest,
          infiniplex_forest_end_1, infiniplex_forest_clump_tiny,
          infiniplex_forest_straight_2, infiniplex_forest_clump_cross,
          infiniplex_forest_clump_diagonal, infiniplex_forest_clump_tiny,
          infiniplex_forest_lined_2
D:3:      layout_loops_corners, lemuel_doored_altar, minmay_fractal_squares_5,
          uniq_jessica, uniq_ijyb
D:4:      layout_gridville
D:5:      layout_basic, bloody_makhleb, uniq_duvessa, uniq_sigmund, uniq_edmund

Table legend:
 A = Turns spent in this place as a percentage of turns spent in the entire game.
 B = Non-inter-level travel turns spent in this place as a percentage of non-inter-level travel turns spent in the entire game.
 C = Inter-level travel turns spent in this place as a percentage of turns spent in this place.
 D = Turns resting spent in this place as a percentage of non-inter-level travel turns spent in this place.
 E = Turns spent auto-exploring this place as a percentage of non-inter-level travel turns spent in this place.
 F = Non-inter-level travel turns spent in this place divided by the number of levels of this place that you've seen.
                   A       B       C       D       E      F
               +-------+-------+-------+-------+-------+----------------------
         Total | 100.0 | 100.0 |   4.4 |  31.2 |  49.6 | 1208.4
       Dungeon | 100.0 | 100.0 |   4.4 |  31.2 |  49.6 | 1208.4
               +-------+-------+-------+-------+-------+----------------------

Table legend:
 A = Kills in this place as a percentage of kills in entire the game.
 B = Kills by you in this place as a percentage of kills by you in the entire game.
 C = Kills by friends in this place as a percentage of kills by friends in the entire game.
 D = Other kills in this place as a percentage of other kills in the entire game.
 E = Experience gained in this place as a percentage of experience gained in the entire game.
 F = Experience gained in this place divided by the number of levels of this place that you have seen.
                   A       B       C       D       E      F
               +-------+-------+-------+-------+-------+----------------------
         Total | 100.0 | 100.0 |   N/A |   N/A | 100.0 | 296.0
       Dungeon | 100.0 | 100.0 |   N/A |   N/A | 100.0 | 296.0
               +-------+-------+-------+-------+-------+----------------------
